Map: Bel'Shir Vestige LE (Void)

Players

Railgan

  • Race: Zerg Zerg
  • League: Grandmaster
  • Spawn Location: 5:00

eGGz - Winner!

  • Race: Zerg Zerg
  • League: Master
  • Spawn Location: 11:00

VOD

Have the link to the VOD?

Description

Time

  • Played on: March 3, 2017, 4:41 p.m.
  • Length: 5:47
Show
View Real Time Build Order
Export as new Build Order

Railgan Zerg 

Build Orders: Hatch First 

Get SALT Encoding   

  12  0:01  Drone  
  13  0:13  Overlord  
  13  0:19  Drone  
  14  0:32  Drone x2  
  16  0:39  Drone  
  17  0:54  Hatchery  
  17  0:56  Drone  
  17  0:57  Drone  
  18  1:11  Extractor  
  17  1:13  Spawning Pool  
  17  1:16  Drone  
  17  1:19  Drone  
  18  1:29  Drone  
  19  1:40  Overlord  
  19  2:00  Baneling Nest, Queen  
  21  2:01  Drone  
  21  2:02  Zergling x2  
  21  2:06  Queen  
  21  2:07  Drone  
  25  2:13  Drone  
  26  2:18  Drone  
  28  2:22  Drone  
  28  2:28  Drone  
  29  2:33  Metabolic Boost  
  29  2:35  Zergling x2  
  30  2:37  Queen  
  30  2:42  Overlord  
  32  2:53  Roach Warren  
  32  2:54  Drone  
  31  2:59  Drone x2  
  31  3:01  Baneling x2  
  31  3:03  Drone  
  34  3:06  Drone  
  34  3:11  Drone  
  36  3:14  Drone  
  37  3:20  Overlord  
  37  3:21  Drone x3  
  37  3:25  Extractor, Zergling x2  
  40  3:28  Zergling x2  
  40  3:29  Zergling x2  
  41  3:36  Evolution Chamber  
  40  3:43  Zergling x4  
  40  3:44  Baneling  
  40  3:45  Baneling  
  42  3:50  Roach x4  
  50  3:57  Roach  
  53  4:06  Overlord x2  
  51  4:22  Overlord  
  51  4:24  Drone  
  51  4:25  Hatchery  
  51  4:26  Drone x5  
  56  4:32  Drone x3  
  56  4:35  Drone  
  60  4:38  Drone  
  60  4:39  Drone  
  60  4:44  Lair  
  62  4:51  Evolution Chamber, Overlord  
  61  4:53  Roach  
  61  4:55  Roach  
  61  4:59  Extractor  
  64  5:06  Roach x4  
  69  5:15  Roach x3, Zergling x2  
  75  5:25  Roach  
  75  5:28  Roach  
Show
View Real Time Build Order
Export as new Build Order

eGGz Zerg - Winner!

Build Orders: Hatch First 

Get SALT Encoding   

  12  0:00  Drone  
  13  0:12  Overlord  
  13  0:17  Drone  
  14  0:31  Drone x2  
  14  0:35  Drone  
  17  0:45  Drone  
  18  0:57  Hatchery  
  18  0:58  Extractor, Drone  
  17  1:13  Spawning Pool  
  17  1:15  Drone  
  17  1:20  Drone  
  18  1:28  Drone  
  19  1:38  Overlord  
  19  2:00  Zergling x2, Queen  
  19  2:01  Metabolic Boost  
  22  2:02  Zergling x2  
  23  2:09  Drone, Queen  
  23  2:12  Drone  
  27  2:20  Drone  
  28  2:23  Drone  
  29  2:31  Drone  
  29  2:34  Drone  
  31  2:42  Hatchery  
  30  2:47  Zergling x2  
  31  2:51  Zergling x2  
  31  2:53  Zergling x2  
  33  2:59  Roach Warren  
  33  3:01  Zergling x2  
  33  3:15  Zergling x4  
  33  3:16  Zergling x2  
  36  3:20  Overlord  
  36  3:23  Overlord  
  36  3:33  Drone x2  
  35  3:45  Drone x3  
  37  3:54  Roach  
  37  3:55  Roach x7  
  52  4:02  Roach x2  
  56  4:10  Zergling x2  
  57  4:17  Drone  
  57  4:19  Overlord  
  58  4:35  Overlord  
  58  4:37  Queen  
  61  4:38  Zergling x6  
  61  4:39  Zergling x6  
  61  4:45  Overlord  
  66  4:54  Zergling x10  
  66  4:55  Zergling x4  
  66  4:59  Ravager  
  74  5:05  Zergling x12  
  74  5:06  Zergling x2  
  75  5:14  Zergling x2  
  75  5:22  Zergling x12  
Tags
 
Add a new tag
Caveats
  • Supply blocks, unpowered buildings, or Contaminate may cause inaccurate times.
  • Supply counts are checked every 10 seconds.